 Dungeon Crawl Stone Soup version 0.24-a0-307-gf989941 (webtiles) character file.

Game seed: 10568353828254255195

109 MisterFreud the Sneak (level 4, 0/40 HPs)
             Began as an Octopode Air Elementalist on May 13, 2019.
             Slain by a worker ant (5 damage)
             ... on level 4 of the Dungeon.
             The game lasted 00:08:27 (3771 turns).

MisterFreud the Sneak (Octopode Air Elementalist)   Turns: 3771, Time: 00:08:28

Health: 0/40       AC: 22    Str:  7    XL:     4   Next: 90%
Magic:  11/16      EV:  2    Int: 18    God:
Gold:   200        SH:  0    Dex: 12    Spells: 4/7 levels left

rFire    . . .     SeeInvis .   a - +2 short sword (protect)
rCold    . . .     Gourm    .   (no shield)
rNeg     + + +     Faith    +   (helmet currently unavailable)
rPois    +         Spirit   .   h - amulet of faith
rElec    .         Reflect  .   j - ring of magical power
rCorr    +         Harm     .   m - ring of resist corrosion
MR       .....     NoTele   +   (no ring)
Stlth    ++........             (no ring)
HPRegen  0.13/turn              (no ring)
MPRegen  0.15/turn              (no ring)
                                (no ring)
                                (no ring)

@: lethally poisoned (0 -> -1), tree-form
A: almost no armour, stealthy swim, (amphibious), 8 rings, (constrict 8)
a: no special abilities


You were on level 4 of the Dungeon.
You were not hungry.
You were a tree.
You visited 1 branch of the dungeon, and saw 4 of its levels.

You collected 200 gold pieces.

Inventory:

Hand Weapons
 a - a +2 short sword of protection (weapon)
 b - a +0 hunting sling
 k - a +0 whip
Missiles
 d - 81 stones (quivered)
 e - 61 arrows
 n - 18 sling bullets
Jewellery
 h - an amulet of faith (around neck)
 j - a ring of magical power (left branch)
 m - a ring of resist corrosion (right branch)
Wands
 q - a wand of digging (6)
Scrolls
 c - a scroll of teleportation
 f - 2 scrolls of identify
 g - a scroll of enchant weapon
 o - a scroll of fog
Comestibles
 i - 9 rations
 l - 3 chunks of flesh


   Skills:
 - Level 2.0 Dodging
 + Level 4.1 Stealth
 - Level 2.0 Spellcasting
 * Level 3.2 Conjurations
 + Level 3.7 Air Magic


You had 4 spell levels left.
You knew the following spells:

 Your Spells              Type           Power        Failure   Level  Hunger
a - Shock                 Conj/Air       ##..         4%          1    #......
b - Swiftness             Chrm/Air       #.......     13%         2    ###....

Your spell library contained the following spells:

 Spells                   Type           Power        Failure   Level  Hunger
 Static Discharge         Conj/Air       ##......     13%         3    ###....
 Airstrike                Air            ###.......   36%         4    #####..
 Lightning Bolt           Conj/Air       ##........   77%         5    ######.


Dungeon Overview and Level Annotations

Branches:
Dungeon (4/15)
 Temple: D:4-7

Altars:
Ashenzari
Qazlal

Annotations:
D:2 Sigmund


Innate Abilities, Weirdness & Mutations

You cannot wear most types of armour.
You are very stealthy in the water. (Stealth+)
((You are amphibious.))
You can wear up to eight rings at the same time.
((You can use your tentacles to constrict eight enemies at once.))
((Your skin changes colour to match your surroundings (Stealth+).))
((Your rubbery body absorbs attacks. (AC +1, EV +1)))


Message History

The worker ant bites you but does no damage.
The hound bites you but does no damage.
Casting: Shock (safe; 4% risk of failure)
Confirm with . or Enter, or press ? or * to list all spells.
Aiming: Shock (safe; 4% risk of failure)
Press: ? - help, Shift-Dir - straight line, f/p - hound
Aim: a hound (heavily wounded)
The zap misses the hound.
The worker ant bites you but does no damage.
The hound bites you but does no damage. The worker ant bites you.
* * * LOW HITPOINT WARNING * * *
The hound bites you but does no damage.
Casting: Shock (safe; 4% risk of failure)
Confirm with . or Enter, or press ? or * to list all spells.
Aiming: Shock (safe; 4% risk of failure)
Press: ? - help, Shift-Dir - straight line, f/p - hound
Aim: a hound (heavily wounded)
The zap misses the hound.
You feel sick. The hound bites you but does no damage.
The worker ant bites you.
You die...

..........#....#
.....##...#....#
.....##...#....#
..........+....#######
..........#..........#
#....##...#..........#
###### ..###+#......#
.....+ .... #......#
.....# ... #.♣....#
##...# #.# #.ah...#
##...####.###.......##
.......#....+.......#
.......'.<..#.......#
.......##...#.......#
##.....##...#######..
########....# ...
.....#


You could see a hound and a worker ant.

Vanquished Creatures
  A worker ant (D:3)
  4 adders
  A worm (D:2)
  A dart slug (D:1)
  2 leopard geckos
  4 giant cockroaches
  6 goblins
  4 hobgoblins
  A quokka (D:2)
  A ball python (D:1)
  7 bats
  4 frilled lizards
  5 kobolds
  3 rats
44 creatures vanquished.

Notes
Turn   | Place    | Note
-------+----------+-------------------------------------------
     0 | D:1      | MisterFreud the Octopode Air Elementalist began the quest
                  | for the Orb.
     0 | D:1      | Reached XP level 1. HP: 11/11 MP: 3/3
    70 | D:1      | Found a stormy altar of Qazlal.
   640 | D:1      | Reached skill level 3 in Stealth
   640 | D:1      | Reached XP level 2. HP: 9/17 MP: 3/5
  1695 | D:2      | Reached XP level 3. HP: 21/21 MP: 3/6
  1744 | D:2      | Found a shattered altar of Ashenzari.
  1868 | D:2      | Noticed Sigmund
  2358 | D:2      | Reached XP level 4. HP: 25/27 MP: 7/7
  2404 | D:2      | Learned a level 2 spell: Swiftness
  2889 | D:3      | Reached skill level 4 in Stealth
  3595 | D:4      | Noticed an ogre
  3771 | D:4      | Slain by a worker ant

Levels and vault maps discovered:
D:1:      minmay_arrival_up_and_down, layout_basic, minmay_hexomino_r4
D:2:      layout_basic, nicolae_ashenzari_panopticon, uniq_sigmund
D:3:      layout_basic
D:4:      layout_gridville, kennysheep_mini, lemuel_round_altar,
          minmay_pentomino_pile

Skill      XL: |  1  2  3  4 |
---------------+-------------+-----
Stealth        | 3 4 |  4.1
Conjurations   | 2 3 |  3.2
Dodging        | |  2.0
Spellcasting   | |  2.0
Air Magic      | |  3.7

Action                   |  1- 3 |  4- 6 || total
-------------------------+-------+-------++-------
Melee: Unarmed           |    13 |       ||    13
       Constrict         |    15 |     8 ||    23
       Tentacles         |     6 |     7 ||    13
       Short sword       |    45 |    47 ||    92
 Fire: Hunting sling     |    27 |     2 ||    29
 Cast: Shock             |    11 |     7 ||    18
       Swiftness         |       |     1 ||     1
  Use: Scroll            |     8 |     2 ||    10
       Potion            |       |     1 ||     1
 Stab: Sleeping          |    10 |     2 ||    12
       Distracted        |     1 |       ||     1
  Eat: Chunk             |     5 |     4 ||     9
Armor: Skin              |    10 |    31 ||    41
Dodge: Dodged            |    51 |    39 ||    90

Table legend:
 A = Non-vault XP
 B = Vault XP
 C = Vault XP percentage of total XP
 D = Non-vault monster count
 E = Vault monster count
 F = Vault count percentage of total count
                 A         B        C        D         E       F
            +---------+---------+-------+---------+---------+-------
      Total |     155 |       2 |   1.3 |      42 |       2 |   4.5
            +---------+---------+-------+---------+---------+-------
        D:1 |      24 |       2 |   7.7 |      13 |       2 |  13.3
        D:2 |      57 |       0 |   0.0 |      20 |       0 |   0.0
        D:3 |      70 |       0 |   0.0 |       7 |       0 |   0.0
        D:4 |       4 |       0 |   0.0 |       2 |       0 |   0.0
            +---------+---------+-------+---------+---------+-------
